 Dungeon Crawl Stone Soup version 0.18.1-48-g4cf74bf (webtiles) character file.

2991 tyranidshit the Fighter (level 9, -1/81 HPs)
             Began as a Demonspawn Abyssal Knight on Sept 11, 2016.
             Was a Priest of Lugonu.
             Slain by a wraith (10 damage)
             ... on level 7 of the Dungeon.
             The game lasted 00:17:50 (4631 turns).

tyranidshit the Fighter (Demonspawn Abyssal Knight) Turns: 4631, Time: 00:17:51

Health: -1/81      AC: 12    Str: 17    XL:     9   Next: 54%
Magic:  10/10      EV:  7    Int: 19    God:    Lugonu [***...]
Gold:   369        SH:  0    Dex: 13    Spells: 0 memorised, 8 levels left

rFire  + . .     SeeInvis +     e - +1 broad axe
rCold  . . .     Gourm    .     b - +0 chain mail
rNeg   . . .     Faith    .     (no shield)
rPois  .         Spirit   .     (helmet unavailable)
rElec  .         Dismiss  .     (no cloak)
rCorr  .         Reflect  .     (no gloves)
SustAt .         Harm     .     (no boots)
MR     .....                    o - amulet of regeneration
Stlth  ..........               (no ring)
                                p - +5 ring of intelligence

@: slowed, drained, very slow, not resistant to hostile enchantments, extremely
unstealthy
A: antennae 3, slimy green scales 1, fire resistance 1, nightstalker 2, shaggy
fur 1, strong 1, evolution 1
a: Depart the Abyss, Bend Space, Banish, Renounce Religion


You were on level 7 of the Dungeon.
You worshipped Lugonu.
Lugonu was most pleased with you.
You were not hungry.

You visited 1 branch of the dungeon, and saw 7 of its levels.
You visited the Abyss 1 time.

You collected 369 gold pieces.

Inventory:

Hand Weapons
 a - a +1 hand axe
 e - a +1 broad axe (weapon)
 x - a +0 hand axe of electrocution
Armour
 b - a +0 chain mail (worn)
 j - a +0 scale mail
 n - a +1 hat
Jewellery
 m - an uncursed amulet of magic regeneration
 o - an amulet of regeneration (around neck)
 p - a +5 ring of intelligence (left hand)
 w - an uncursed ring of fire
Wands
 f - a wand of lightning (0/15)
 g - a wand of teleportation (0/9)
 k - a wand of iceblast (6/15)
 v - a wand of flame (15/48)
Scrolls
 d - 4 scrolls of identify
 h - 2 scrolls of remove curse
Potions
 s - a potion of magic
 u - 2 potions of cancellation
 A - a potion of cure mutation
 B - a potion of brilliance
Books
 t - a book of Annihilations

   Spells                             Type                      Level
   a - Poison Arrow                   Conjuration/Poison           6
   b - Chain Lightning                Conjuration/Air              8
   c - Lehudib's Crystal Spear        Conjuration/Earth            8
   d - Glaciate                       Conjuration/Ice              9
   e - Fire Storm                     Conjuration/Fire             9
Comestibles
 c - 3 bread rations
 i - 5 meat rations
 l - 8 fruits


   Skills:
 - Level 11.2(11.1) Fighting
 + Level 5.1(5.0) Axes
 + Level 5.2(5.1) Armour
 - Level 0.8(0.7) Dodging
 - Level 2.4(2.3) Invocations


You had 8 spell levels left.
You didn't know any spells.

Dungeon Overview and Level Annotations

Branches:
Dungeon (7/15)             Temple (0/1) D:7

Altars:
Ashenzari
Cheibriados
Fedhas
Gozag
Kikubaaqudgha
Makhleb
Nemelex Xobeh
Pakellas
Ru
Trog
Vehumet
Yredelemnul
Zin
The Shining One


Innate Abilities, Weirdness & Mutations

You have a pair of large antennae on your head (SInv).
You are partially covered in slimy green scales (AC +2).
Your flesh is heat resistant.
You are significantly more attuned to the shadows.
You are covered in fur (AC +1).
Your muscles are strong. (Str +2)
You evolve.


Message History

Unknown command.
You slash the wraith!
The wraith is severely damaged.
The wraith hits you.
* * * LOW HITPOINT WARNING * * *
The wraith drains your vigour!
You feel as though you will be slow longer.
The wraith hits you!
* * * LOW HITPOINT WARNING * * *
The wraith drains your vigour!
You feel as though you will be slow longer.
The wraith hits you but does no damage.
You hit the wraith.
The wraith is almost destroyed.
The wraith hits you!
* * * LOW HITPOINT WARNING * * *
The wraith drains your vigour!
You feel as though you will be slow longer.
The wraith hits you!
You die...

.........†>{.....##..###..
...........p.....##)###...
......(..............))..†.... .
..................##########†
.#......................# #..
.#...#...###############p# ####..
.....##..8##.#_#.#.#.#.# ###....#
.........###'#'#'#'#'#'# ##..####
......#...'....W@....).###..#####
##.....#.###'#'#'#'#'#'#.........
#####....8##.#.#.#.#.#.#########.
# #################### #......# #
#.........### #.# #.......
######...#.........# #.# #......#
##...#.# #........# #.###......#
##.....# ##....##.###..........#
.#....# ###...##..####........#


You could see a wraith.

Vanquished Creatures
  Pikel (D:7)
  The ghost of HEYYEYAAE the Skirmisher, an amateur DgGl (D:4)
  The ghost of Krapule the Ruffian, an amateur DrTm (D:3)
  A sky beast (D:5)
  A phantom (D:3)
  2 necrophages
  An orc warrior (D:7)
  6 ogres
  2 centaurs
  2 giant frogs (D:6)
  A water moccasin skeleton (D:7)
  4 killer bees (D:7)
  A wight (D:7)
  3 human zombies (D:7)
  An orc priest (D:4)
  A hound (D:4)
  2 orc wizards
  A centaur skeleton (D:4)
  2 iguanas
  2 worker ants
  A hound zombie (D:6)
  A hound skeleton (D:6)
  A worker ant zombie (D:6)
  7 gnolls
  8 adders
  A shadow imp (D:5)
  2 oozes
  An adder skeleton (D:7)
  A dart slug (D:2)
  A worm (D:2)
  A giant gecko (D:7)
  8 orcs
  2 ball pythons (D:2)
  4 bats (D:3)
  8 giant cockroaches
  4 goblins
  4 hobgoblins
  7 jackals (D:2)
  A quokka (D:3)
  6 giant newts
  6 kobolds
  6 rats
117 creatures vanquished.

Vanquished Creatures (others)
  2 slaves (D:7)
  A big kobold (D:7)
  An elf zombie (D:7)
  2 killer bees (D:7)
  A human skeleton (D:7)
  A howler monkey skeleton (D:7)
  An adder (D:7)
  2 orcs (D:7)
  4 kobolds (D:7)
15 creatures vanquished.

Grand Total: 132 creatures vanquished

Notes
Turn   | Place    | Note
--------------------------------------------------------------
     0 | Abyss:1  | tyranidshit the Demonspawn Abyssal Knight began the quest for the Orb.
     0 | Abyss:1  | Reached XP level 1. HP: 18/18 MP: 2/2
    68 | Abyss:2  | Noticed a small abomination
    74 | D:1      | Escaped the Abyss
   284 | D:1      | Reached * piety under Lugonu
   284 | D:1      | Gained mutation: You are partially covered in slimy green scales (AC +2). [demonic ancestry]
   284 | D:1      | Reached XP level 2. HP: 14/24 MP: 3/3
   784 | D:2      | Reached skill level 4 in Fighting
   911 | D:2      | Gained mutation: You are slightly more attuned to the shadows. [demonic ancestry]
   911 | D:2      | Reached XP level 3. HP: 28/30 MP: 4/4
  1309 | D:2      | Found a snail-covered altar of Cheibriados.
  1309 | D:2      | Found an opulent altar of Gozag.
  1314 | D:2      | Found a glowing silver altar of Zin.
  1428 | D:3      | Reached ** piety under Lugonu
  1474 | D:3      | Noticed Krapule's ghost (amateur DrTm)
  1563 | D:3      | Gained mutation: You are covered in fur (AC +1). [potion of mutation]
  1563 | D:3      | Gained mutation: You evolve. [potion of mutation]
  1563 | D:3      | Gained mutation: Your muscles are strong. (Str +2) [potion of mutation]
  1588 | D:3      | Reached XP level 4. HP: 38/38 MP: 5/5
  1602 | D:3      | Reached skill level 5 in Fighting
  1761 | D:4      | Noticed HEYYEYAAE's ghost (amateur DgGl)
  2040 | D:5      | Entered Level 5 of the Dungeon
  2040 | D:5      | Noticed a sky beast
  2042 | D:5      | Killed a sky beast
  2042 | D:5      | Reached skill level 6 in Fighting
  2042 | D:5      | Gained mutation: You have a pair of small antennae on your head. [demonic ancestry]
  2042 | D:5      | Reached XP level 5. HP: 47/47 MP: 6/6
  2095 | D:5      | Noticed a centaur
  2100 | D:5      | Killed a centaur
  2100 | D:5      | Reached skill level 7 in Fighting
  2100 | D:5      | Gained mutation: You have a pair of antennae on your head. [demonic ancestry]
  2100 | D:5      | Reached XP level 6. HP: 51/55 MP: 7/7
  2685 | D:6      | Reached skill level 8 in Fighting
  2685 | D:6      | Gained mutation: You are significantly more attuned to the shadows. [demonic ancestry]
  2685 | D:6      | Reached XP level 7. HP: 51/62 MP: 8/8
  2774 | D:6      | Reached skill level 9 in Fighting
  2983 | D:6      | Gained mutation: You have a pair of large antennae on your head (SInv). [demonic ancestry]
  2983 | D:6      | Reached XP level 8. HP: 41/70 MP: 9/9
  3120 | D:6      | Reached skill level 10 in Fighting
  3403 | D:4      | Reached *** piety under Lugonu
  3417 | D:4      | Killed HEYYEYAAE's ghost
  3417 | D:4      | Reached skill level 11 in Fighting
  3446 | D:4      | Found a shattered altar of Ashenzari.
  3564 | D:4      | Found a glowing golden altar of the Shining One.
  3848 | D:3      | Found a radiant altar of Vehumet.
  3851 | D:3      | Found a sparkling altar of Nemelex Xobeh.
  3854 | D:3      | Found an oddly glowing altar of Pakellas.
  3856 | D:3      | Found a bloodstained altar of Trog.
  3856 | D:3      | Found a burning altar of Makhleb.
  3856 | D:3      | Found a sacrificial altar of Ru.
  3935 | D:3      | Killed Krapule's ghost
  4135 | D:7      | Noticed Pikel
  4146 | D:7      | Gained mutation: Your flesh is heat resistant. [demonic ancestry]
  4146 | D:7      | Reached XP level 9. HP: 65/79 MP: 10/10
  4264 | D:7      | Killed Pikel
  4332 | D:7      | Found a basalt altar of Yredelemnul.
  4385 | D:7      | Found a blossoming altar of Fedhas.
  4458 | D:7      | Found a staircase to the Ecumenical Temple.
  4500 | D:7      | Reached skill level 5 in Armour
  4504 | D:7      | Reached skill level 5 in Axes
  4523 | D:7      | HP: 2/81 [human zombie (4)]
  4601 | D:7      | Found an ancient bone altar of Kikubaaqudgha.
  4631 | D:7      | Slain by a wraith

Skill      XL: |  1  2  3  4  5  6  7  8  9 |
---------------+----------------------------+-----
Fighting       | 4 6 7 8 9 11 | 11.2
Axes           | 3 5 |  5.1
Armour         | 3 5 |  5.2
Dodging        | |  0.8
Invocations    | |  2.4

Action                   |  1- 3 |  4- 6 |  7- 9 || total
-------------------------+-------+-------+-------++-------
Melee: Broad axe         |   150 |   145 |   186 ||   481
       Hand axe          |       |       |    70 ||    70
Invok: Depart the Abyss  |     1 |       |       ||     1
Evoke: Wand              |       |     4 |    17 ||    21
  Use: Scroll            |     3 |     4 |     6 ||    13
       Potion            |     9 |     2 |     3 ||    14
  Eat: Bread ration      |     1 |     1 |     2 ||     4
Armor: Chain mail        |   150 |   129 |   221 ||   500
Dodge: Dodged            |    62 |    68 |   141 ||   271
